 Dungeon Crawl Stone Soup version 0.30-a0-883-g5ad918d77d (webtiles) character file.

Game seed: 6524775666425794457

337 NinjaNoafa the Insei (level 6, -5/45 HPs)
             Began as a Demonspawn Gladiator on Mar 16, 2023.
             Shot with an arrow by a centaur (6 damage)
             ... on level 4 of the Dungeon on Mar 17, 2023.
             The game lasted 00:13:01 (2948 turns).

NinjaNoafa the Insei (Demonspawn Gladiator)         Turns: 2948, Time: 00:13:02

Health: -5/45      AC: 11    Str: 15    XL:     6   Next: 28%
Magic:  6/6        EV:  7    Int:  9    God:
Gold:   166        SH:  0    Dex: 16    Spells: 5/5 levels left

rFire   . . .      SeeInvis .      - Unarmed
rCold   . . .      Faith    .    (no shield)
rNeg    + . .      Spirit   .    b - +1 chain mail {rN+}
rPois   .          Reflect  .    c - +0 helmet
rElec   .          Rampage  .    (no cloak)
rCorr   .                        (no gloves)
Will    .....                    (no boots) Stlth
                                 (no amulet)
HPRegen 0.27/turn                q - ring of wizardry
MPRegen 0.10/turn                (no ring)

@: no status effects
A: claws 2, rugged brown scales 1, demonic guardian 1
a: no special abilities


You were on level 4 of the Dungeon.
You visited 1 branch of the dungeon, and saw 5 of its levels.

You collected 166 gold pieces.

Inventory:

Missiles
 d - a throwing net (quivered)
 h - 2 poisoned darts
 w - a boomerang
Armour
 b - a +1 chain mail of positive energy (worn)
 c - a +0 helmet (worn)
Jewellery
 q - a ring of wizardry (left claw)
Wands
 x - a wand of paralysis (3)
Scrolls
 a - a scroll of poison {unknown}
 f - 2 scrolls of enchant weapon {unknown}
 k - a scroll of identify {unknown}
 n - 3 scrolls of noise {unknown}
 o - a scroll of blinking {unknown}
 p - a scroll of teleportation {unknown}
 r - a scroll of torment {unknown}
 u - a scroll of vulnerability {unknown}
 v - 2 scrolls of immolation {unknown}
Potions
 g - a potion of curing {unknown}
 i - 2 potions of flight {unknown}
 j - 3 potions of heal wounds {unknown}
 l - a potion of brilliance {unknown}
 m - a potion of haste {unknown}
 s - a potion of ambrosia {unknown}
 t - a potion of cancellation {unknown}


   Skills:
 + Level 2.1 Fighting
 - Level 3.9 Long Blades
 - Level 1.7 Throwing
 + Level 0.2 Armour
 + Level 2.7 Dodging
 + Level 4.8 Unarmed Combat


You had 5 spell levels left.
You didn't know any spells.
Your spell library contained the following spells:

 Spells                   Type           Power      Damage    Failure   Level
 Cigotuvi's Dreadful Rot  Necr/Pois/Air  0%         N/A       99%         2
 Poisonous Vapours        Pois/Air       0%         N/A       99%         2
 Scorch                   Fire           0%         2d5       99%         2
 Mephitic Cloud           Conj/Pois/Air  0%         N/A       100%        3
 Flame Wave               Conj/Fire      0%         2d4       100%        4
 Summon Cactus Giant      Summ           0%         N/A       100%        6


Dungeon Overview and Level Annotations

Branches:
Dungeon (5/15)
 Temple: D:4-7

Altars:
Yredelemnul

Annotations:
D:3 1 runed translucent door


Innate Abilities, Weirdness & Mutations

You have very sharp fingernails.
You are partially covered in rugged brown scales. (AC +1, +3% HP)
A weak demonic guardian rushes to your aid.


Message History

You scratch the hound.
You kill the hound!
The hound bites you but does no damage.
Throw: 2 throwing nets
Press: ? - help, Q - select action, (/) - cycle Shift-Dir - straight line, f - hound
Aim: a hound (50% to hit)
You throw a throwing net. The throwing net hits the hound.
The hound is caught in the net!
The hound struggles against the net.
The centaur unwields a +0 shortbow.
The centaur barely misses you.
The centaur kicks you but does no damage.
You scratch the hound.
The hound is moderately wounded.
The hound struggles against the net.
The centaur hits you.
* * * LOW HITPOINT WARNING * * *
The centaur kicks you but does no damage.
The hound struggles against the net.
The net rips apart, and the hound comes free!
The centaur wields a +0 shortbow.
The centaur shoots an arrow.
The arrow hits you!
* * * LOW HITPOINT WARNING * * *
A demonic guardian appears!
The hound bites you but does no damage.
Throw: throwing net
Press: ? - help, Q - select action, (/) - cycle Shift-Dir - straight line, f/p - hound
Aim: a hound (moderately wounded, ally target, 50% to hit)
Okay, then.
The centaur unwields a +0 shortbow.
The centaur hits you.
* * * LOW HITPOINT WARNING * * *
The centaur kicks you but does no damage.
The hound bites you but does no damage.
Okay, then.
You swap places.
The hound barely misses you.
The centaur wields a +0 shortbow.
The centaur shoots an arrow.
The arrow misses your shadow imp. The arrow hits you but does no damage.
The hound bites you.
* * * LOW HITPOINT WARNING * * *
Your shadow imp closely misses the hound.
The centaur shoots an arrow.
The arrow barely misses your shadow imp.
The arrow hits you.
You die...

#...# #...# ###...#
#.....# #####.#...#
##### ###........##
#...# )...##..####
#...# .###...##
####...# .###.###
##@.....# ##...#
###h5##...# .#.###
#..c###...#
.....########.#####...#
#<)............c.##...#
..#............).###.##
########.......>.# #.#
#.......#....# #.#
#.#.#####....###.#


You could see a centaur, a hound (ally target) and a friendly shadow imp
(summoned).

Vanquished Creatures
  An ogre (D:4)
  A hound (D:4)
  A jelly (D:3)
  A human zombie (D:3)
  4 gnolls (D:3)
  3 adders
  3 worms
  2 dart slugs
  5 orcs
  5 ball pythons
  10 bats
  7 endoplasms
  A giant cockroach (D:1)
  11 goblins
  6 hobgoblins
  10 kobolds
  A frilled lizard (D:2)
  A goblin zombie (D:3)
  A kobold zombie (D:3)
  3 rats
77 creatures vanquished.

Vanquished Creatures (collateral kills)
  An orc (D:4)
  An endoplasm (D:4)
2 creatures vanquished.

Grand Total: 79 creatures vanquished

Notes
Turn   | Place    | Note
-------+----------+-------------------------------------------
     0 | D:1      | NinjaNoafa the Demonspawn Gladiator began the quest for the
                  | Orb.
     0 | D:1      | Reached XP level 1. HP: 16/16 MP: 1/1
   117 | D:1      | Gained mutation: You are partially covered in rugged brown
                  | scales. (AC +1, +3% HP) [demonic ancestry]
   117 | D:1      | Reached XP level 2. HP: 16/22 MP: 2/2
   458 | D:1      | Gained mutation: You have sharp fingernails. [demonic
                  | ancestry]
   458 | D:1      | Reached XP level 3. HP: 27/27 MP: 3/3
   509 | D:1      | Found a faded altar of an unknown god.
   792 | D:2      | Reached skill level 1 in Unarmed Combat
  1321 | D:3      | Reached skill level 2 in Unarmed Combat
  1321 | D:3      | Gained mutation: A weak demonic guardian rushes to your
                  | aid. [demonic ancestry]
  1321 | D:3      | Reached XP level 4. HP: 15/33 MP: 4/4
  1548 | D:3      | Reached skill level 3 in Unarmed Combat
  1552 | D:3      | Reached XP level 5. HP: 16/39 MP: 5/5
  1644 | D:3      | Found a runed translucent door.
  1644 | D:3      | Noticed a human
  1659 | D:3      | Found a basalt altar of Yredelemnul.
  2252 | D:4      | Noticed an ogre
  2259 | D:4      | Killed an ogre
  2260 | D:4      | Reached skill level 4 in Unarmed Combat
  2312 | D:4      | Gained mutation: You have very sharp fingernails. [demonic
                  | ancestry]
  2312 | D:4      | Reached XP level 6. HP: 37/45 MP: 6/6
  2921 | D:5      | Entered Level 5 of the Dungeon
  2948 | D:4      | HP: 1/45 [hound (3)]
  2948 | D:4      | Shot with an arrow by a centaur

Illustrated notes

Levels and vault maps discovered:
D:1:      ncdulo_halloftheorcs, layout_basic, dreamdust_ecumenical_altar_statues
D:2:      layout_basic
D:3:      layout_basic, dk_yredelemnul_ordeal, feat_on_display
D:4:      layout_rooms
D:5:      minmay_chambers_of_fours, layout_rooms,
          mainiacjoe_overflow_tiny_flanked, nicolae_ru_path_of_blood,
          mainiacjoe_overflow_paths, uniq_crazy_yiuf_cottage, uniq_grinder,
          uniq_duvessa

Skill      XL: |  1  2  3  4  5 |
---------------+----------------+-----
Long Blades    | 3 |  3.9
Unarmed Combat | 2 3 4 |  4.8
Fighting       | |  2.1
Throwing       | |  1.7
Armour         | |  0.2
Dodging        | |  2.7

Action                     |  1- 3 |  4- 6 || total
---------------------------+-------+-------++-------
  Melee: Long sword        |    54 |       ||    54
         Punch             |     1 |     4 ||     5
         Unarmed           |    73 |   136 ||   209
  Throw: Javelin           |       |     3 ||     3
         Throwing net      |       |     3 ||     3
   Stab: Sleeping          |     2 |     2 ||     4
         Held in net/web   |       |     3 ||     3
 Armour: Leather armour    |    60 |    27 ||    87
         Chain mail        |       |    27 ||    27
  Dodge: Dodged            |    81 |    87 ||   168

Table legend: (Time is in decaauts)
 A = Elapsed time spent in this place.
 B = Non-inter-level travel time spent in this place.
 C = Inter-level travel time spent in this place.
 D = Time resting spent in this place.
 E = Time spent auto-exploring this place.
 F = Levels seen in this place.
 G = Mean time per level.
                   A        B        C        D        E       F      G
               +--------+--------+--------+--------+--------+-----+--------+
         Total |   2952 |   2756 |    196 |      0 |   1936 |   5 |  590.4 |
       Dungeon |   2952 |   2756 |    196 |      0 |   1936 |   5 |  590.4 |
               +--------+--------+--------+--------+--------+-----+--------+

Top non-repeatable levels by time:
     D:3: 1180 daAuts
     D:1: 643 daAuts
     D:2: 560 daAuts
     D:4: 558 daAuts
     D:5: 9 daAuts
